 Seeded DCSS version 0.30-a0-241-g1121274140 (webtiles) character file.

Game seed: 6617275544464515907 (custom seed)

2 Iusername the Trooper (level 1, 20/20 HPs)
             Began as a Hill Orc Fighter on Oct 10, 2022.
             Quit the game on level 1 of the Dungeon.
             The game lasted 00:00:18 (119 turns).

Iusername the Trooper (Hill Orc Fighter)             Turns: 119, Time: 00:00:19

Health: 20/20      AC:  6    Str: 18    XL:     1   Next: 30%
Magic:  1/1        EV:  9    Int:  8    God:
Gold:   0          SH:  4    Dex: 10    Spells: 0/0 levels left

rFire   . . .      SeeInvis .    a - +0 war axe
rCold   . . .      Faith    .    c - +0 buckler
rNeg    . . .      Spirit   .    b - +0 scale mail
rPois   .          Reflect  .    (no helmet)
rElec   .          Harm     .    (no cloak)
rCorr   .          Rampage  .    (no gloves)
Will    .....                    (no boots)
Stlth   ..........               (no amulet)
HPRegen 0.23/turn                (no ring)
MPRegen 0.07/turn                (no ring)

@: no status effects
A: no striking features
a: no special abilities


You were on level 1 of the Dungeon.
You visited 1 branch of the dungeon, and saw 1 of its levels.

Inventory:

Hand Weapons
 a - a +0 war axe (weapon)
Armour
 b - a +0 scale mail (worn)
 c - a +0 buckler (worn)
Scrolls
 e - a scroll of teleportation {unknown}
 f - a scroll of identify {unknown}
Potions
 d - a potion of might


   Skills:
 + Level 3.7 Fighting
 + Level 2.7 Axes
 + Level 3.3 Armour
 + Level 3.3 Shields


You couldn't memorise any spells.
You didn't know any spells.
Your spell library was empty.

Dungeon Overview and Level Annotations

Branches:
Dungeon (1/15)

Altars:


Message History

Welcome, Iusername the Hill Orc Fighter.
Game seed: 6617275544464515907 (custom seed) Press ? for a list of commands and other information.
Found a staircase leading out of the dungeon.
Key pressed, stopping explore.
No target in view!
No target in view!
e - a scroll labelled MISTRU ZUSE A rat comes into view.
A rat is nearby!
You slash the rat!
You kill the rat!
Found a leather armour.
No target in view!
You see here a +0 leather armour.
Found a dagger.
No target in view!
You see here a +0 dagger.
A giant cockroach comes into view.
A giant cockroach is nearby!
A giant cockroach is nearby!
A giant cockroach is nearby!
The giant cockroach bites you but does no damage.
A giant cockroach is nearby!
You closely miss the giant cockroach. The giant cockroach misses you.
The giant cockroach completely misses you.
A giant cockroach is nearby!
You slash the giant cockroach!
You kill the giant cockroach!
f - a scroll labelled HEHUXK LOGUE No target in view!
A hobgoblin comes into view.
The hobgoblin shouts!
A hobgoblin is nearby!
A hobgoblin is nearby!
A hobgoblin is nearby!
The hobgoblin barely misses you.
A hobgoblin is nearby!
Are you sure you want to abandon this character and quit the game? (Confirm with "yes".)

#.......... #.#
#.########.
##.####.### #.
..........# #.
##.####.#.# #. #.#
#.#.# #. # #.#
#.#.# #.
#####.###.####.#.#
#.
......g@.......#.#
#.
#####.###.######.#
#. # #.# .# #. #.#
#. #.# #. #.# ##.
#.# #.#####.. #.#
#.......#
######..#


You could see a hobgoblin.

Vanquished Creatures
  A giant cockroach (D:1)
  A rat (D:1)
2 creatures vanquished.

Notes
Turn   | Place    | Note
-------+----------+-------------------------------------------
     0 | D:1      | Iusername the Hill Orc Fighter began the quest for the Orb.
     0 | D:1      | Reached XP level 1. HP: 19/19 MP: 1/1
   119 | D:1      | Quit the game

Illustrated notes

Levels and vault maps discovered:
D:1:      eino_arrival_tree_alley, layout_loops_ring,
          hellmonk_ecumenical_altar_crossroads

Action                   || total
-------------------------++-------
Melee: War axe           ||     3
Armor: Scale mail        ||     1
Dodge: Dodged            ||     3

Table legend: (Time is in decaauts)
 A = Elapsed time spent in this place.
 B = Non-inter-level travel time spent in this place.
 C = Inter-level travel time spent in this place.
 D = Time resting spent in this place.
 E = Time spent auto-exploring this place.
 F = Levels seen in this place.
 G = Mean time per level.
                   A        B        C        D        E       F      G
               +--------+--------+--------+--------+--------+-----+--------+
         Total |    120 |    120 |      0 |      0 |    102 |   1 |  120.0 |
       Dungeon |    120 |    120 |      0 |      0 |    102 |   1 |  120.0 |
               +--------+--------+--------+--------+--------+-----+--------+

Top non-repeatable levels by time:
     D:1: 120 daAuts
